[Event "Late-Titled-Tuesday-Blitz-February-13-2024"]
[Site "Chess.com"]
[Date "2024.02.13"]
[Round "4"]
[White "DonJuan_34"]
[Black "traviscottofficial"]
[Result "1-0"]
[WhiteElo "2496"]
[BlackElo "2684"]
[TimeControl "180+1"]
[EndTime "14:42:28 PST"]
[Termination "DonJuan_34 won by checkmate"]

1. d4 Nf6 2. c4 e6 3. Nc3 d5 4.
cxd5 exd5 5. Bg5 c6 6. e3 Be7 7.
Qc2 h6 8. Bh4 Nbd7 9. Bd3 Nb6 10. Nge2 O-O 11. O-O Re8 12. f3 Nfd7 13. Bf2 Bf8 14.
Rad1 c5 15. dxc5 Nxc5 16. Nd4 Nxd3 17. Qxd3 Qc7 18. Ndb5 Qe7 19. b3 Be6 20. Nd4 Bd7 21.
a4 Qb4 22. Nce2 Rad8 23. Be1 Qe7 24. Bf2 Na8 25. Nc3 Nc7 26. Rfe1 Bc8 27. Ncb5 Nxb5 28. Nxb5 a6 29. Nd4 Qf6 30. Rc1 Qb6 31. Qc2 Ba3 32. Qc7 Qg6 33. Rc2 Bb4 34. Rec1 Bh3 35. Qg3 Qxg3 36. hxg3 Bd7 37. Rc7 Bc8 38. R7c2 Ba3 39.
Rd1 Kf8 40. Rcd2 Bb4 41. Rd3 Bd7 42. Be1 Be7 43. Bc3 Rc8 44. Kf2 Rc7 45. Bb2 Rec8 46. R3d2 Bb4 47. Re2 Ke8 48. e4 dxe4 49. Rxe4+ Kf8 50.
Re2 Bc3 51. Bxc3 Rxc3 52. Red2 g6 53. Ne2 Rxb3 54. Rxd7 Rc4 55. R7d4 Rc2 56. R1d2 Rc7 57. Rd7 Rc4 58. Rd8+ Kg7 59. R8d4 Rc7 60. R4d3 Rb4 61. Rd4 Rcc4 62. Rxc4 Rxc4 63. Rb2 Rxa4 64. Rxb7 Ra2 65.
Ke3 Ra3+ 66. Kd2 Ra2+ 67. Kd3 a5 68. g4 a4 69. Ra7 Ra3+ 70. Nc3 Rb3 71. Rxa4 Rb2 72.
Ra2 Rb8 73. Re2 Rd8+ 74. Ke3 Rc8 75. Ne4 Re8 76. Kf2 Rd8 77. Ng3 Rc8 78. Ne4 Rc4 79. g5 hxg5 80. Nxg5 Rc5 81. Ne4 Rb5 82. g4 Rb3 83.
Kg3 Rb4 84. g5 Rb5 85. f4 Rb4 86. Kg4 Rb1 87. Nf6 Rg1+ 88. Kf3 Rf1+ 89. Kg3 Rg1+ 90. Kf2 Rh1 91. Kg2 Rh4 92. Kg3 Rh1 93. Rh2 Rg1+ 94.
Kf2 Ra1 95. Rh7+ Kf8 96. Rh8+ Ke7 97. Kf3 Rf1+ 98. Kg3 Rg1+ 99. Kf3 Ra1 100. Re8+ Kd6 101. Re3 Rf1+ 102. Ke4 Ra1 103. Rd3+ Ke6 104. Rb3 Ra4+ 105. Kf3 Ra1 106. Rb6+ Kf5 107. Rb5+ Ke6 108. Ne4 Ra3+ 109. Kg4 Ra1 110. Ng3 Ra3 111. f5+ gxf5+ 112. Nxf5 Ra4+ 113. Kf3 Ra3+ 114. Ne3 Ra4 115. Rf5 Ra3 116. Rf6+ Ke7 117. Kf4 Ra4+ 118. Ke5 Kf8 119. Nd5 Kg7 120. Rf3 Rg4 121. Rf5 Kg6 122. Nf4+ Kg7 123. Nh5+ Kg6 124. Nf4+ Kg7 125. Ke4 Rg1 126. Rb5 Re1+ 127. Kf5 Rf1 128. Kg4 Rg1+ 129. Kf5 Ra1 130. Nh5+ Kg8 131. Rb8+ Kh7 132. Nf6+ Kg7 133. Rg8# 1-0

[Event "Late-Titled-Tuesday-Blitz-February-13-2024"]
[Site "Chess.com"]
[Date "2024.02.13"]
[Round "5"]
[White "Msb2"]
[Black "baki83"]
[Result "1-0"]
[WhiteElo "3016"]
[BlackElo "2858"]
[TimeControl "180+1"]
[EndTime "14:51:03 PST"]
[Termination "Msb2 won by resignation"]

1. d4 d5 2. c4 c6 3. Nf3 Nf6 4. Nc3 dxc4 5. e4 b5 6. Qc2 e6 7.
Be2 Bb7 8. O-O Be7 9. Rb1 Qc7 10. e5 Nd5 11. Bg5 O-O 12. Ne4 h6 13. Bxe7 Qxe7 14.
b3 cxb3 15. axb3 Na6 16. Nd6 Nab4 17. Qd2 f5 18. Rfc1 a5 19. Ne1 Ra7 20. Bf3 Ba8 21. h3 Rd8 22. Ra1 Rxd6 23. exd6 Qxd6 24. Nd3 Nxd3 25.
Qxd3 Nb4 26. Qe3 Bb7 27. d5 Ra8 28. Qb6 1-0

[Event "Late-Titled-Tuesday-Blitz-February-13-2024"]
[Site "Chess.com"]
[Date "2024.02.13"]
[Round "5"]
[White "DraningWaterHi"]
[Black "Helenita13"]
[Result "1-0"]
[WhiteElo "2222"]
[BlackElo "2346"]
[TimeControl "180+1"]
[EndTime "14:51:07 PST"]
[Termination "DraningWaterHi won by resignation"]

1. d4 Nf6 2. c4 g6 3. g3 Bg7 4.
Bg2 O-O 5. Nc3 d6 6. Nf3 c5 7. d5 a6 8. O-O e6 9. a4 exd5 10.
cxd5 Qe7 11. Nd2 Nbd7 12. e4 Rb8 13. Nc4 b5 14. axb5 axb5 15. Na5 Bb7 16. Nxb5 Ba6 17. Nc6 Qe8 18. Nc7 Qc8 19. Ne7+ 1-0

[Event "Late-Titled-Tuesday-Blitz-February-13-2024"]
[Site "Chess.com"]
[Date "2024.02.13"]
[Round "5"]
[White "EvilMorty23"]
[Black "FredddieCroderg"]
[Result "1-0"]
[WhiteElo "2513"]
[BlackElo "2280"]
[TimeControl "180+1"]
[EndTime "14:51:12 PST"]
[Termination "EvilMorty23 won by resignation"]

1. e4 c6 2. d4 d5 3. e5 Bf5 4. h4 h5 5. c4 e6 6. Nc3 Bb4 7.
Ne2 dxc4 8. Ng3 Bd3 9. Bxd3 cxd3 10. Qxd3 Ne7 11. Bg5 Qb6 12. O-O Nd7 13. Nce4 Nd5 14. a3 Bf8 15. b4 Qb5 16. Qf3 a5 17. Nxh5 Qc4 18. Nxg7+ 1-0

[Event "Late-Titled-Tuesday-Blitz-February-13-2024"]
[Site "Chess.com"]
[Date "2024.02.13"]
[Round "5"]
[White "Njal28"]
[Black "DeTimmerman"]
[Result "1-0"]
[WhiteElo "2996"]
[BlackElo "2726"]
[TimeControl "180+1"]
[EndTime "14:51:31 PST"]
[Termination "Njal28 won by resignation"]

1. d4 Nf6 2. c4 e6 3. Nc3 Bb4 4. e3 Ne4 5. Qc2 f5 6. Bd3 O-O 7. Ne2 b6 8. O-O Bxc3 9. bxc3 Bb7 10. f3 Nd6 11. Ba3 Qg5 12. e4 fxe4 13. fxe4 Rxf1+ 14. Rxf1 e5 15. c5 bxc5 16. dxc5 1-0

[Event "Late-Titled-Tuesday-Blitz-February-13-2024"]
[Site "Chess.com"]
[Date "2024.02.13"]
[Round "5"]
[White "annasargsyan_m"]
[Black "lucliasco"]
[Result "0-1"]
[WhiteElo "2574"]
[BlackElo "2851"]
[TimeControl "180+1"]
[EndTime "14:52:00 PST"]
[Termination "lucliasco won by resignation"]

1. d4 d5 2. c4 Nc6 3. Nf3 Bg4 4.
e3 e5 5. Be2 e4 6. Nfd2 Bxe2 7.
Qxe2 Nb4 8. Na3 Nd3+ 9. Kf1 c6 10. Nc2 Nf6 11. g3 h5 12. Kg2 h4 13. h3 hxg3 14. fxg3 Bd6 15. Ne1 Nxe1+ 16. Qxe1 Nh5 17. g4 Ng3 18. Rh2 Qh4 19. Qf2 f5 0-1

[Event "Late-Titled-Tuesday-Blitz-February-13-2024"]
[Site "Chess.com"]
[Date "2024.02.13"]
[Round "5"]
[White "kikoveiga"]
[Black "saikrishnaReturns"]
[Result "0-1"]
[WhiteElo "2513"]
[BlackElo "2777"]
[TimeControl "180+1"]
[EndTime "14:52:04 PST"]
[Termination "saikrishnaReturns won by resignation"]

1. c4 Nf6 2. Nc3 g6 3. e4 d6 4. g3 Bg7 5. Bg2 O-O 6. Nge2 e5 7. O-O Nfd7 8. Rb1 f5 9. d3 Nc6 10. b4 f4 11. f3 g5 12. b5 Ne7 13. d4 exd4 14.
Nxd4 Ne5 15. Bb2 Nxc4 16. Qb3 Bxd4+ 17. Kh1 Be6 18. Rfd1 Be5 19. Nd5 Nxb2 0-1

[Event "Late-Titled-Tuesday-Blitz-February-13-2024"]
[Site "Chess.com"]
[Date "2024.02.13"]
[Round "5"]
[White "reevecanada"]
[Black "IraZyne"]
[Result "1-0"]
[WhiteElo "2574"]
[BlackElo "2340"]
[TimeControl "180+1"]
[EndTime "14:52:07 PST"]
[Termination "reevecanada won by resignation"]

1. e4 Nf6 2. e5 Nd5 3. c4 Nb6 4. c5 Nd5 5. Nc3 e6 6. Nxd5 exd5 7. d4 b6 8. Nf3 bxc5 9. dxc5 c6 10. Qd4 Na6 11. b4 Nc7 12. Bg5 Be7 13. Bxe7 Qxe7 14. Bd3 a5 15. a3 Rb8 16. O-O O-O 17. Rfc1 Ne6 18. Qc3 axb4 19. axb4 Bb7 20. h4 Ra8 21. Nd4 Qxh4 22. Nf5 Qg5 23. Nd6 Rxa1 24. Rxa1 Bc8 25. Bf1 Nf4 26. Ra8 Nh3+ 27. Qxh3 1-0

[Event "Late-Titled-Tuesday-Blitz-February-13-2024"]
[Site "Chess.com"]
[Date "2024.02.13"]
[Round "5"]
[White "Abduzhaparov"]
[Black "Nouali_Mohamed"]
[Result "1-0"]
[WhiteElo "2428"]
[BlackElo "2560"]
[TimeControl "180+1"]
[EndTime "14:52:08 PST"]
[Termination "Abduzhaparov won by resignation"]

1. Nf3 Nf6 2. c4 g6 3. Nc3 Bg7 4. e4 O-O 5. d4 d6 6. Be3 c5 7.
dxc5 Qa5 8. cxd6 Nxe4 9. dxe7 Re8 10. Rc1 Nxc3 11. bxc3 Bxc3+ 12. Nd2 Bd4 13. Bxd4 Nc6 14. Be3 Bg4 15. Qxg4 Rxe7 16. Be2 Ne5 17. Qh4 Qa3 18.
O-O Rd8 19. Ne4 1-0

[Event "Late-Titled-Tuesday-Blitz-February-13-2024"]
[Site "Chess.com"]
[Date "2024.02.13"]
[Round "5"]
[White "Hilary46"]
[Black "pedroholly22"]
[Result "1/2-1/2"]
[WhiteElo "2616"]
[BlackElo "2529"]
[TimeControl "180+1"]
[EndTime "14:52:17 PST"]
[Termination "Game drawn by repetition"]

1. e4 c5 2. Nf3 Nc6 3. d4 cxd4 4. Nxd4 Nf6 5. Nc3 e5 6. Ndb5 d6 7. Bg5 a6 8. Na3 b5 9. Bxf6 gxf6 10. Nd5 Bg7 11. Bd3 Ne7 12. Nxe7 Qxe7 13. O-O O-O 14. c4 f5 15. Qf3 bxc4 16. Nxc4 d5 17. exd5 e4 18. Qe2 Qc5 19. Bc2 Rb8 20. Rfd1 a5 21.
Rac1 Bxb2 22. Nxb2 Rxb2 23. Qh5 Rxc2 24. Qg5+ Kh8 25.
Qf6+ Kg8 26. Qg5+ Kh8 27. Qf6+ Kg8 28. Rxc2 Qxc2 29. Qg5+ Kh8 30. Qf6+ Kg8 31. Qg5+ Kh8 32. Qf6+ Kg8 1/2-1/2

[Event "Late-Titled-Tuesday-Blitz-February-13-2024"]
[Site "Chess.com"]
[Date "2024.02.13"]
[Round "5"]
[White "effefe"]
[Black "protectiago"]
[Result "1-0"]
[WhiteElo "2285"]
[BlackElo "2103"]
[TimeControl "180+1"]
[EndTime "14:52:17 PST"]
[Termination "effefe won by resignation"]

1. d4 Nf6 2. c4 g6 3. Nc3 d5 4.
cxd5 Nxd5 5. e4 Nxc3 6. bxc3 Bg7 7. Be3 c5 8. Qd2 Qa5 9. Nf3 Bg4 10. Be2 Bxf3 11. Bxf3 cxd4 12. cxd4 Qxd2+ 13. Kxd2 Nc6 14. e5 O-O-O 15. Rhc1 Bxe5 16. Bxc6 bxc6 17. Rxc6+ Kb7 18. Rc4 Rd7 19. Rb1+ Ka8 20. Ke2 Bf6 21. Rcb4 Rhd8 22. Bf4 a6 23. Rb6 Ka7 24. Bb8+ 1-0

[Event "Late-Titled-Tuesday-Blitz-February-13-2024"]
[Site "Chess.com"]
[Date "2024.02.13"]
[Round "5"]
[White "dorpato"]
[Black "Fjal"]
[Result "1-0"]
[WhiteElo "2120"]
[BlackElo "2242"]
[TimeControl "180+1"]
[EndTime "14:52:27 PST"]
[Termination "dorpato won by resignation"]

1. e4 d6 2. d4 Nf6 3. Nc3 g6 4. Be3 c6 5. f3 Qa5 6. Qd2 b5 7. Bd3 Bg7 8. Nge2 Nbd7 9. O-O Nb6 10. Bh6 Bxh6 11. Qxh6 b4 12. Nd1 Ba6 13. Nf2 Bxd3 14.
Nxd3 Rb8 15. e5 dxe5 16. Nxe5 Nbd7 17. Nxc6 Qb5 18. Nxb8 Nxb8 19. Ng3 Nc6 20. c3 a5 21. Rfe1 Qd3 22. Qg7 1-0

[Event "Late-Titled-Tuesday-Blitz-February-13-2024"]
[Site "Chess.com"]
[Date "2024.02.13"]
[Round "5"]
[White "gxbg2000"]
[Black "Ducke13"]
[Result "0-1"]
[WhiteElo "2055"]
[BlackElo "2344"]
[TimeControl "180+1"]
[EndTime "14:52:28 PST"]
[Termination "Ducke13 won by resignation"]

1. e4 c5 2. Nf3 d6 3. d4 cxd4 4. Nxd4 Nf6 5. Bd3 Nc6 6. Nxc6 bxc6 7. O-O g6 8. Nc3 Bg7 9. Bg5 O-O 10. Rb1 a5 11. a4 Ba6 12. Re1 Qc7 13. Qd2 Rfb8 14. b3 Rb4 15. f3 Bxd3 16. Qxd3 Rab8 17. Bd2 Nd7 18. Ne2 R4b7 19. Nf4 Nc5 20. Qe2 Nxa4 21.
Qa6 Nc3 22. Bxc3 Bxc3 23. Qc4 Bxe1 24. Rxe1 Qb6+ 25. Kh1 Qb4 26. Qe2 a4 27. bxa4 Qxe1+ 28. Qxe1 Rb1 0-1

[Event "Late-Titled-Tuesday-Blitz-February-13-2024"]
[Site "Chess.com"]
[Date "2024.02.13"]
[Round "5"]
[White "RantomOpening"]
[Black "GMRAVEN_ON_YOUTUBE"]
[Result "0-1"]
[WhiteElo "2516"]
[BlackElo "2778"]
[TimeControl "180+1"]
[EndTime "14:52:42 PST"]
[Termination "GMRAVEN_ON_YOUTUBE won by resignation"]

1. c4 f5 2. Nf3 Nf6 3. d4 g6 4. g3 Bg7 5. Bg2 O-O 6. Nc3 d6 7. O-O Qe8 8. Qc2 Nc6 9. d5 Nb4 10. Qd1 a5 11. Nd4 Bd7 12. Ne6 Bxe6 13. dxe6 c6 14.
h3 Na6 15. Be3 Qc8 16. Bb6 Nc7 17. Bxc7 Qxc7 18. Qd3 Qb6 19. Na4 Qa7 20. Rad1 Nh5 21. Kh2 f4 22. g4 Be5 23. Bf3 Ng7 24. h4 Kh8 25. h5 gxh5 26. gxh5 Nxe6 27. Rg1 Qxf2+ 28.
Rg2 Qh4+ 29. Kg1 Bd4+ 30. Qxd4+ Nxd4 31. Rxd4 Rg8 0-1

[Event "Late-Titled-Tuesday-Blitz-February-13-2024"]
[Site "Chess.com"]
[Date "2024.02.13"]
[Round "5"]
[White "Grossboss19"]
[Black "Road2GM3000"]
[Result "1-0"]
[WhiteElo "2626"]
[BlackElo "2466"]
[TimeControl "180+1"]
[EndTime "14:53:00 PST"]
[Termination "Grossboss19 won by resignation"]

1. e4 c5 2. Nf3 d6 3. d3 Nc6 4.
Be2 g6 5. O-O Bg7 6. c3 Bg4 7.
Ne1 Bxe2 8. Qxe2 e6 9. f4 Nge7 10. Be3 Qc7 11. Nd2 b6 12. Nef3 h6 13. Rac1 d5 14. d4 dxe4 15. Nxe4 Nd5 16. dxc5 Nxf4 17. Bxf4 Qxf4 18. Nd6+ Ke7 19. Nd2 Qe5 20. Rxf7+ Kd8 21.
N2e4 Rf8 22. Rcf1 Rg8 23. Qa6 Ne7 24. Qb7 1-0

[Event "Late-Titled-Tuesday-Blitz-February-13-2024"]
[Site "Chess.com"]
[Date "2024.02.13"]
[Round "5"]
[White "BabageldiAnnaberdiyev"]
[Black "emeli_chess"]
[Result "1/2-1/2"]
[WhiteElo "2633"]
[BlackElo "2383"]
[TimeControl "180+1"]
[EndTime "14:53:05 PST"]
[Termination "Game drawn by agreement"]

1. e4 e5 2. Nf3 Nc6 3. Bc4 Nf6 4. d4 exd4 5. O-O Nxe4 6. Re1 d5 7. Bxd5 Qxd5 8. Nc3 Qa5 9. Nxe4 Be6 10. Neg5 Bd6 11.
Nxe6 fxe6 12. Rxe6+ Kd7 13. Bd2 Qb5 14. Qe2 Qxe2 15.
Rxe2 Rae8 16. Rae1 h6 17. h4 Rxe2 18. Rxe2 Re8 19.
Kf1 Rxe2 20. Kxe2 Ke6 21. Kd3 Kd5 22. a3 Ne5+ 23. Nxe5 Bxe5 24. f4 Bf6 25. h5 c5 26.
b3 b5 27. g4 c4+ 28. bxc4+ bxc4+ 29. Ke2 Ke4 30. g5 d3+ 31. cxd3+ cxd3+ 32. Kd1 Bb2 33.
gxh6 gxh6 34. f5 Kxf5 35. Bxh6 Bxa3 36. Kd2 1/2-1/2

[Event "Late-Titled-Tuesday-Blitz-February-13-2024"]
[Site "Chess.com"]
[Date "2024.02.13"]
[Round "5"]
[White "ChessSwole"]
[Black "2L8IWUN"]
[Result "1-0"]
[WhiteElo "2672"]
[BlackElo "1981"]
[TimeControl "180+1"]
[EndTime "14:53:18 PST"]
[Termination "ChessSwole won by resignation"]

1. d4 Nf6 2. c4 e6 3. Nf3 d5 4. g3 dxc4 5. Bg2 a6 6. O-O Nc6 7.
e3 Rb8 8. Nfd2 e5 9. Bxc6+ bxc6 10. dxe5 Ng4 11. Nxc4 Be6 12. Qa4 Qd5 13. b3 Nxe5 14. Nbd2 Nf3+ 15. Nxf3 Qxf3 16. Ne5 Qe4 17. Qxe4 1-0

[Event "Late-Titled-Tuesday-Blitz-February-13-2024"]
[Site "Chess.com"]
[Date "2024.02.13"]
[Round "5"]
[White "shirovin"]
[Black "InadaC"]
[Result "0-1"]
[WhiteElo "2094"]
[BlackElo "2232"]
[TimeControl "180+1"]
[EndTime "14:53:19 PST"]
[Termination "InadaC won by checkmate"]

1. e4 e6 2. d4 d5 3. Nc3 Nf6 4. Bg5 dxe4 5. Nxe4 Be7 6. Bxf6 gxf6 7. Nf3 f5 8. Nc3 Nc6 9. Bc4 Bf6 10. Qd3 Nxd4 11.
O-O-O c5 12. Nb5 Nxf3 13. Qxf3 Bg5+ 14. Kb1 Qb6 15. Nd6+ Ke7 16. Rhe1 Kf8 17. g4 Be7 18. Nxc8 Rxc8 19. gxf5 exf5 20. Qxf5 Bf6 21. Qxc8+ Kg7 22.
Qg4+ Kf8 23. Rd7 Qxb2# 0-1

[Event "Late-Titled-Tuesday-Blitz-February-13-2024"]
[Site "Chess.com"]
[Date "2024.02.13"]
[Round "5"]
[White "Nick12772"]
[Black "LUISMIGUELOV"]
[Result "0-1"]
[WhiteElo "2347"]
[BlackElo "2190"]
[TimeControl "180+1"]
[EndTime "14:53:20 PST"]
[Termination "LUISMIGUELOV won by checkmate"]

1. Nf3 d5 2. g3 c6 3. Bg2 Bg4 4. O-O h5 5. Ne5 Nd7 6. Nxg4 hxg4 7. d3 f5 8. e4 g6 9. exd5 cxd5 10. Bxd5 Ngf6 11.
Bxb7 e6 12. Re1 Kf7 13. Qe2 Nc5 14. Bxa8 Qxa8 15. b4 Nce4 16. dxe4 Nxe4 17. a3 Bg7 18. c3 Rh3 19. Be3 Qh8 20. f3 Nxg3 21. hxg3 Rh1+ 22. Kg2 Qh2# 0-1

[Event "Late-Titled-Tuesday-Blitz-February-13-2024"]
[Site "Chess.com"]
[Date "2024.02.13"]
[Round "5"]
[White "Mikayel99"]
[Black "djano"]
[Result "0-1"]
[WhiteElo "2499"]
[BlackElo "2672"]
[TimeControl "180+1"]
[EndTime "14:53:32 PST"]
[Termination "djano won by resignation"]

1. e4 c5 2. Nf3 Nc6 3. b3 e5 4. Bb2 d6 5. Be2 Nf6 6. d3 Be7 7. O-O O-O 8. h3 Ne8 9. Nbd2 f5 10. exf5 Bxf5 11. Nh2 Nf6 12. Ng4 Qe8 13. Nxf6+ Bxf6 14. Nc4 Rd8 15. Bf3 d5 16. Ne3 Be6 17. Ng4 Kh8 18.
Re1 Bxg4 19. Bxg4 Qf7 20. Qf3 e4 21. dxe4 Bxb2 22. Qxf7 Rxf7 23. Rad1 Bd4 24. Re2 Ne5 25. exd5 Nxg4 26. hxg4 h6 27. c4 b5 28. g3 bxc4 29. bxc4 Rf3 30. Kg2 Rc3 31. Re6 Rxc4 32. d6 Rc2 33.
Rf1 Rxa2 34. g5 hxg5 35. Kh3 Rxf2 36. Rb1 Rf6 37. Rxf6 gxf6 0-1

[Event "Late-Titled-Tuesday-Blitz-February-13-2024"]
[Site "Chess.com"]
[Date "2024.02.13"]
[Round "5"]
[White "JoakimVonAnd"]
[Black "Beca95"]
[Result "0-1"]
[WhiteElo "2687"]
[BlackElo "2896"]
[TimeControl "180+1"]
[EndTime "14:53:35 PST"]
[Termination "Beca95 won by resignation"]

1. d4 Nf6 2. c4 e6 3. Nc3 c5 4. d5 exd5 5. cxd5 d6 6. Nf3 g6 7. Bf4 Bg7 8. e3 O-O 9. h3 Ne8 10. Be2 Nd7 11. O-O Ne5 12. Bxe5 Bxe5 13. Nxe5 dxe5 14. Rc1 Nd6 15. Nb5 Nxb5 16. Bxb5 Qd6 17. Qc2 a6 18. Be2 b6 19. b4 cxb4 20. Qc7 Rd8 21.
Rc6 Qxc7 22. Rxc7 Bd7 23. e4 a5 24. Rfc1 Kf8 25. Rb7 Rab8 26. Ra7 Rdc8 27. Rxc8+ Bxc8 28. Bb5 Bb7 29. Bc6 Bxc6 30. dxc6 Rc8 31. c7 Ke7 32. Rb7 Kd6 33. Rxb6+ Kc5 34. Rb7 Kc6 35. Rb8 Rxc7 36. Kf1 Rb7 37. Re8 a4 38. Ke2 b3 39. axb3 axb3 40.
Rc8+ Kb5 41. Rc1 b2 42. Rb1 Kc4 43. Kd2 Kb3 0-1

[Event "Late-Titled-Tuesday-Blitz-February-13-2024"]
[Site "Chess.com"]
[Date "2024.02.13"]
[Round "5"]
[White "DeGrootteZ"]
[Black "GoldenShare"]
[Result "1-0"]
[WhiteElo "2830"]
[BlackElo "2551"]
[TimeControl "180+1"]
[EndTime "14:53:38 PST"]
[Termination "DeGrootteZ won by resignation"]

1. c4 e5 2. a3 Nc6 3. b4 Nf6 4. Bb2 d5 5. cxd5 Nxd5 6. d3 Bd6 7. Nf3 Qe7 8. Nbd2 Bd7 9. g3 f5 10. Bg2 e4 11. dxe4 fxe4 12. Nxe4 Qxe4 13. Nh4 Bxb4+ 14. axb4 Qxb4+ 15. Qd2 Qxd2+ 16. Kxd2 Nb6 17. Bxg7 Rg8 18. Bf6 Kf7 19. Bc3 Rgd8 20. Kc2 Be6 21. Bxc6 bxc6 22. Rhd1 Nd5 23. e4 Nb6 24. Rxd8 Rxd8 25. Rxa7 Rd7 26. Nf3 Nc4 27. Ne5+ Nxe5 28. Bxe5 Bc4 29. Rxc7 Rxc7 30. Bxc7 Ke6 31. Kc3 Bf1 32. Kd4 Bg2 33. f4 Bh3 34. f5+ Bxf5 35. exf5+ Kxf5 36. h4 h5 37. Kc5 1-0

[Event "Late-Titled-Tuesday-Blitz-February-13-2024"]
[Site "Chess.com"]
[Date "2024.02.13"]
[Round "5"]
[White "Chempiblinka"]
[Black "MoreChessJulia"]
[Result "1-0"]
[WhiteElo "2355"]
[BlackElo "2092"]
[TimeControl "180+1"]
[EndTime "14:53:39 PST"]
[Termination "Chempiblinka won by resignation"]

1. c4 c5 2. g3 Nc6 3. Bg2 g6 4.
Nf3 h5 5. h4 d6 6. O-O Bg7 7. Nc3 Nf6 8. d4 cxd4 9. Nxd4 Bd7 10. b3 O-O 11. e3 Bg4 12. Qd3 Nxd4 13. exd4 Qd7 14. Bb2 d5 15. Nxd5 Nxd5 16. Bxd5 e6 17. Be4 Rfd8 18. Rac1 Bxd4 19. Bxd4 Qxd4 20. Qxd4 Rxd4 21.
Bxb7 Rb8 22. Bc6 Rd2 23. c5 Rxa2 24. Bd7 e5 25. c6 1-0

[Event "Late-Titled-Tuesday-Blitz-February-13-2024"]
[Site "Chess.com"]
[Date "2024.02.13"]
[Round "5"]
[White "Chessdude1987"]
[Black "Yushko_Olga"]
[Result "1-0"]
[WhiteElo "2385"]
[BlackElo "2224"]
[TimeControl "180+1"]
[EndTime "14:53:45 PST"]
[Termination "Chessdude1987 won by resignation"]

1. e4 g6 2. d4 Bg7 3. Nc3 d6 4. Nf3 Nf6 5. h3 Nbd7 6. Be3 c6 7. a4 e5 8. dxe5 dxe5 9. Nd2 Qc7 10. Nc4 O-O 11. Qd6 Qxd6 12. Nxd6 Rd8 13. a5 Nf8 14. Nxc8 Raxc8 15. Bxa7 Ne6 16. Bb6 Rd7 17. Bd3 Bh6 18.
O-O Nf4 19. Bc4 Rd2 20. Bb3 Ne2+ 21. Nxe2 Rxe2 22. Rfe1 Rxe4 23. Rxe4 Nxe4 24. Re1 Nd2 25. Rxe5 Nxb3 26. cxb3 Bg7 27. Re7 Bxb2 28. Rxb7 Re8 29. g3 Re1+ 30. Kg2 Ra1 31. Rc7 Ra3 32. Rxc6 Rxb3 33.
a6 Ra3 34. a7 Kg7 35. Rc8 1-0

[Event "Late-Titled-Tuesday-Blitz-February-13-2024"]
[Site "Chess.com"]
[Date "2024.02.13"]
[Round "5"]
[White "TheCavemanChess"]
[Black "TigrVShlyape"]
[Result "0-1"]
[WhiteElo "2672"]
[BlackElo "2868"]
[TimeControl "180+1"]
[EndTime "14:53:46 PST"]
[Termination "TigrVShlyape won by resignation"]

1. e4 e5 2. Nf3 Nc6 3. Bb5 g6 4. c3 Bg7 5. O-O d6 6. d4 Bd7 7. d5 Nce7 8. c4 h6 9. Nc3 f5 10. Re1 Nf6 11. Bxd7+ Qxd7 12. a4 O-O 13. a5 a6 14. Ra3 Kh7 15. exf5 gxf5 16. b4 Ng6 17. c5 Qf7 18. c6 bxc6 19. dxc6 Rab8 20. Ra4 Qc4 21.
Bd2 Qxc6 22. b5 axb5 23. Rb4 Qa6 24. Qb1 e4 25. Nd4 c5 26. Nxf5 cxb4 27. Nxe4 Nxe4 28.
Qxe4 Rbe8 29. Qb1 Rxe1+ 30. Bxe1 Qxa5 31. Bxb4 Qa1 0-1

[Event "Late-Titled-Tuesday-Blitz-February-13-2024"]
[Site "Chess.com"]
[Date "2024.02.13"]
[Round "5"]
[White "deribas12345"]
[Black "dolynachess"]
[Result "1-0"]
[WhiteElo "2643"]
[BlackElo "2481"]
[TimeControl "180+1"]
[EndTime "14:53:49 PST"]
[Termination "deribas12345 won by resignation"]

1. d4 Nf6 2. c4 c5 3. d5 b5 4. e4 Nxe4 5. Qf3 Nd6 6. Nc3 b4 7. Nd1 g6 8. h4 h5 9. Bd3 Bg7 10.
Nh3 O-O 11. O-O a5 12. Re1 Ba6 13. Bg5 Re8 14. Ne3 Bxb2 15. Nf4 Kg7 16. Nxh5+ gxh5 17. Nf5+ Nxf5 18. Qxf5 Rh8 19. Bxe7 Qxe7 20. Rxe7 Bf6 21. Rxf7+ Kxf7 22. Qg6+ 1-0

[Event "Late-Titled-Tuesday-Blitz-February-13-2024"]
[Site "Chess.com"]
[Date "2024.02.13"]
[Round "5"]
[White "Bilan_Danila"]
[Black "JCVanDamme10"]
[Result "1-0"]
[WhiteElo "2535"]
[BlackElo "2307"]
[TimeControl "180+1"]
[EndTime "14:53:50 PST"]
[Termination "Bilan_Danila won by resignation"]

1. d4 d5 2. Nf3 c6 3. c4 Nf6 4. Nc3 e6 5. Bg5 Nbd7 6. cxd5 exd5 7. e3 Bd6 8. Bd3 O-O 9. Qc2 Re8 10.
O-O h6 11. Bh4 Nf8 12. Rab1 a5 13. a3 g5 14. Bg3 Bxg3 15. hxg3 Ne6 16. b4 axb4 17.
axb4 Ra3 18. Ra1 Rxa1 19. Rxa1 Qd6 20. Ne5 Qxb4 21. f4 gxf4 22. gxf4 Nxf4 23. exf4 Qxd4+ 24. Kh1 Qxf4 25. Nf3 Ng4 26. Rf1 Qd4 27. Qd2 Kg7 28. Nxd4 1-0

[Event "Late-Titled-Tuesday-Blitz-February-13-2024"]
[Site "Chess.com"]
[Date "2024.02.13"]
[Round "5"]
[White "CFalcons8"]
[Black "yuriydovzik"]
[Result "1-0"]
[WhiteElo "2427"]
[BlackElo "2112"]
[TimeControl "180+1"]
[EndTime "14:53:50 PST"]
[Termination "CFalcons8 won by resignation"]

1. d4 e6 2. Nf3 c5 3. e4 b6 4. d5 Nf6 5. Nc3 Bb7 6. Bc4 a6 7. a4 exd5 8. exd5 d6 9. O-O Be7 10.
Bf4 O-O 11. Re1 Nbd7 12. h3 Re8 13. Qd3 Nf8 14. Re3 Ng6 15. Bh2 Bf8 16. Rae1 Rxe3 17. Qxe3 Qd7 18. Qd3 Qc8 19. Ng5 Qd7 20. f4 Ne7 21. g4 g6 22. Nge4 Bg7 23. Nxf6+ Bxf6 24. Ne4 Bd4+ 25. Qxd4 cxd4 26. Nf6+ Kg7 27. Nxd7 Rc8 1-0

[Event "Late-Titled-Tuesday-Blitz-February-13-2024"]
[Site "Chess.com"]
[Date "2024.02.13"]
[Round "5"]
[White "AndresDelgado77"]
[Black "PNEPaul"]
[Result "1-0"]
[WhiteElo "2334"]
[BlackElo "1898"]
[TimeControl "180+1"]
[EndTime "14:53:50 PST"]
[Termination "AndresDelgado77 won by resignation"]

1. e4 e5 2. Nc3 Nc6 3. f4 Bc5 4.
fxe5 Bxg1 5. Rxg1 d6 6. exd6 Qxd6 7. g3 Nf6 8. d3 Bg4 9. Be2 Bxe2 10. Nxe2 O-O-O 11. Bd2 Qc5 12. Kf1 Ng4 13. d4 Nxd4 14. Nxd4 Qxd4 15.
Qxg4+ Kb8 16. Bc3 Qc4+ 17. Qe2 Qc6 18. Kf2 Rhe8 19. Rge1 f5 20. e5 Qh6 21. Kg1 f4 22.
Qg4 fxg3 23. hxg3 Re6 24. Qh4 1-0

[Event "Late-Titled-Tuesday-Blitz-February-13-2024"]
[Site "Chess.com"]
[Date "2024.02.13"]
[Round "5"]
[White "Heinza9"]
[Black "ArchibaldCerveza29"]
[Result "1-0"]
[WhiteElo "2295"]
[BlackElo "2495"]
[TimeControl "180+1"]
[EndTime "14:53:51 PST"]
[Termination "Heinza9 won by resignation"]

1. e4 e5 2. Nf3 Nf6 3. Nc3 Nc6 4. d4 exd4 5. Nd5 Nb4 6. Bc4 Nbxd5 7. exd5 Bb4+ 8.
Bd2 Bxd2+ 9. Qxd2 O-O 10. O-O-O c5 11. dxc6 dxc6 12. Qxd4 Qxd4 13. Rxd4 Bf5 14. h3 Rfe8 15.
Rhd1 Ne4 16. g4 Bg6 17. Nh4 Kf8 18. Nxg6+ hxg6 19. Rd7 Ng5 20. Rxb7 a5 21. h4 Ne6 22.
Rdd7 Nd8 23. Rbc7 f6 24. Rxg7 Re1+ 25. Kd2 Ne6 26. Rcf7+ Ke8 27. Re7+ Kf8 28. Rgf7+ Kg8 29. Kxe1 1-0